PAAA
PLYMOUTH ROCKS @ SALT LAKE CITY BUZZ
08/25/2029
 
TOP OF THE 1ST
Plymouth Rocks batting - Pitching for Salt Lake City Buzz : LHP Roberto De La Cruz
Pitching: LHP Roberto De La Cruz
Batting: LHB José Castillo 0-0: Fly out, F8 (Flyball, 8LS)
Batting: RHB Hubert Dodson 0-0: Foul Ball, location: 2F
0-1: Foul Ball, location: 2F
0-2: Ball
1-2: Ball
2-2: SINGLE (Line Drive, 34D)
Batting: SHB Roku Hara 0-0: Fly out, F9 (Flyball, 89M)
Batting: RHB Ernesto Trevino 0-0: Ball
1-0: Ball
2-0: Called Strike
2-1: Called Strike
2-2: Hit by Pitch
Hubert Dodson to second
Batting: SHB Javier Vega 0-0: Ball
1-0: Called Strike
1-1: SINGLE (Groundball, 56D)
Hubert Dodson to third
Ernesto Trevino to second
Runner from 3rd tries for Home, SAFE, no throw
Batting: RHB Arturo Maldonado 0-0: Called Strike
0-1: Ball
1-1: Swinging Strike
1-2: 3-RUN HOME RUN (Flyball, 7D), Distance : 389 ft
Batting: RHB Chris Teague 0-0: Called Strike
0-1: Ball
1-1: Fly out, F9 (Flyball, 9)
Top of the 1st over - 4 runs, 3 hits, 0 errors, 0 left on base; Plymouth 4 - Salt Lake City 0
BOTTOM OF THE 1ST
Salt Lake City Buzz batting - Pitching for Plymouth Rocks : RHP Bob Payne
Pitching: RHP Bob Payne
Batting: RHB Alejandro Herrera 0-0: Foul Ball, location: 2F
0-1: Ball
1-1: Ball
2-1: Foul Ball, location: 2F
2-2: Foul Ball, location: 2F
2-2: Foul Ball, location: 2F
2-2: SINGLE (Line Drive, 8RS)
Batting: RHB Jung-hwan Kwon 0-0: Ball
Alejandro Herrera steals 2nd base
1-0: Ball
2-0: Ball
3-0: Called Strike
3-1: Ground out 4-3 (Groundball, 4)
Alejandro Herrera to third
Batting: SHB Félix Medina 0-0: SINGLE (Line Drive, 3D)
Alejandro Herrera scores
Batting: LHB Qi-zhen Loong 0-0: Called Strike
0-1: Ball
1-1: Ball
2-1: Ball
3-1: Grounds out, U3 (Groundball, 3L)
Batting: LHB Tim Waters 0-0: Ball
1-0: Swinging Strike
1-1: Ball
2-1: Ball
3-1: Foul Ball, location: 2F
3-2: Base on Balls
Batting: LHB Roberto Soto 0-0: Ball
1-0: Ball
2-0: SINGLE (Flyball, 7S)
Félix Medina to third
Tim Waters to second
Runner from 3rd tries for Home, SAFE, no throw
Batting: RHB Vicente Cruz 0-0: Called Strike
0-1: Foul Ball, location: 2F
0-2: Ball
1-2: 3-RUN HOME RUN (Line Drive, 7D), Distance : 399 ft
Batting: LHB Mike Gillespie 0-0: Ball
1-0: Swinging Strike
1-1: Ball
2-1: Ball
3-1: Foul Ball, location: 2F
3-2: Foul Ball, location: 2F
3-2: Base on Balls
Batting: RHB Ethan Miller 0-0: Called Strike
0-1: Ball
1-1: Called Strike
1-2: Ball
2-2: Fly out, F9 (Flyball, 89D)
Bottom of the 1st over - 5 runs, 4 hits, 0 errors, 1 left on base; Plymouth 4 - Salt Lake City 5
TOP OF THE 2ND
Plymouth Rocks batting - Pitching for Salt Lake City Buzz : LHP Roberto De La Cruz
Batting: SHB Arnold Griffith 0-0: Swinging Strike
0-1: Ball
1-1: Called Strike
1-2: SOLO HOME RUN (Flyball, 7LD), Distance : 349 ft
Batting: RHB Andrew Weeks 0-0: Fly out, F7 (Line Drive, 7LM)
Batting: LHB José Castillo 0-0: Bunt for hit - play at first, batter safe!
Batting: RHB Hubert Dodson 0-0: Ball
1-0: Grounds into double play, 6-4-3 (Groundball, 56)
Top of the 2nd over - 1 run, 2 hits, 0 errors, 0 left on base; Plymouth 5 - Salt Lake City 5
BOTTOM OF THE 2ND
Salt Lake City Buzz batting - Pitching for Plymouth Rocks : RHP Bob Payne
Batting: RHB Alejandro Herrera 0-0: Ball
1-0: Foul Ball, location: 2F
1-1: Fly out, F8 (Flyball, 78D)
Batting: RHB Jung-hwan Kwon 0-0: Ball
1-0: Foul Ball, location: 2F
1-1: Fly out, F5 (Line Drive, 56)
Batting: SHB Félix Medina 0-0: Swinging Strike
0-1: Foul Ball, location: 2F
0-2: Ball
1-2: Foul Ball, location: 2F
1-2: Foul Ball, location: 2F
1-2: Foul Ball, location: 2F
1-2: Ground out 6-3 (Groundball, 6)
Bottom of the 2nd over - 0 runs, 0 hits, 0 errors, 0 left on base; Plymouth 5 - Salt Lake City 5
TOP OF THE 3RD
Plymouth Rocks batting - Pitching for Salt Lake City Buzz : LHP Roberto De La Cruz
Batting: SHB Roku Hara 0-0: Ball
1-0: Ball
2-0: Ball
3-0: Called Strike
3-1: Called Strike
3-2: Base on Balls
Batting: RHB Ernesto Trevino 0-0: Ball
1-0: Swinging Strike
1-1: Swinging Strike
1-2: Foul Ball, location: 2F
1-2: Ball
2-2: Ball
3-2: Strikes out swinging
Batting: SHB Javier Vega 0-0: Ball
1-0: Fly out, F8 (Flyball, 78D)
Batting: RHB Arturo Maldonado 0-0: Ball
1-0: Ball
2-0: Fly out, F9 (Line Drive, 9S)
Top of the 3rd over - 0 runs, 0 hits, 0 errors, 1 left on base; Plymouth 5 - Salt Lake City 5
BOTTOM OF THE 3RD
Salt Lake City Buzz batting - Pitching for Plymouth Rocks : RHP Bob Payne
Batting: LHB Qi-zhen Loong 0-0: Called Strike
0-1: Foul Ball, location: 2F
0-2: Ball
1-2: Ball
2-2: Strikes out looking
Batting: LHB Tim Waters 0-0: Ball
1-0: Called Strike
1-1: Foul Ball, location: 2F
1-2: Ball
2-2: Ball
3-2: Foul Ball, location: 2F
3-2: Fly out, F7 (Flyball, 7)
Batting: LHB Roberto Soto 0-0: Fly out, F3 (Line Drive, 34)
Bottom of the 3rd over - 0 runs, 0 hits, 0 errors, 0 left on base; Plymouth 5 - Salt Lake City 5
TOP OF THE 4TH
Plymouth Rocks batting - Pitching for Salt Lake City Buzz : LHP Roberto De La Cruz
Batting: RHB Chris Teague 0-0: Called Strike
0-1: SOLO HOME RUN (Flyball, 7D), Distance : 406 ft
Batting: SHB Arnold Griffith 0-0: Ball
1-0: Called Strike
1-1: Ball
2-1: Ground out 6-3 (Groundball, 6S)
Batting: RHB Andrew Weeks 0-0: Ball
1-0: DOUBLE (Line Drive, 78D)
Batting: LHB José Castillo 0-0: Called Strike
0-1: Foul Ball, location: 2F
Balk!
Andrew Weeks to third
0-2: Ball
1-2: Ball
2-2: Foul Ball, location: 2F
2-2: Foul Ball, location: 2F
2-2: Fly out, F9 (Flyball, 89XD)
Runner from 3rd tags up, SCORES, no throw
Batting: RHB Hubert Dodson 0-0: Called Strike
0-1: DOUBLE (Groundball, 3L)
Batting: SHB Roku Hara 0-0: DOUBLE (Line Drive, 89D)
Hubert Dodson scores
Batting: RHB Ernesto Trevino 0-0: Ball
1-0: Called Strike
1-1: Swinging Strike
1-2: Ground out 3-1 (Groundball, 34)
Top of the 4th over - 3 runs, 4 hits, 0 errors, 1 left on base; Plymouth 8 - Salt Lake City 5
BOTTOM OF THE 4TH
Salt Lake City Buzz batting - Pitching for Plymouth Rocks : RHP Bob Payne
Batting: RHB Vicente Cruz 0-0: Ball
1-0: Ball
2-0: Foul Ball, location: 2F
2-1: Called Strike
2-2: Strikes out swinging
Batting: LHB Mike Gillespie 0-0: Called Strike
0-1: Ball
1-1: Ball
2-1: Swinging Strike
2-2: Ball
3-2: Ground out 4-3 (Groundball, 4)
Batting: RHB Ethan Miller 0-0: Ball
1-0: Swinging Strike
1-1: Called Strike
1-2: Strikes out swinging
Bottom of the 4th over - 0 runs, 0 hits, 0 errors, 0 left on base; Plymouth 8 - Salt Lake City 5
TOP OF THE 5TH
Plymouth Rocks batting - Pitching for Salt Lake City Buzz : LHP Roberto De La Cruz
Batting: SHB Javier Vega 0-0: Called Strike
0-1: SINGLE (Line Drive, 9S)
Batting: RHB Arturo Maldonado 0-0: Ball
1-0: Bunted foul
1-1: Ball
2-1: Foul Ball, location: 2F
2-2: DOUBLE (Line Drive, 7D)
Javier Vega to third
Batting: RHB Chris Teague 0-0: Called Strike
0-1: Swinging Strike
0-2: Foul Ball, location: 2F
0-2: Fly out, F8 (Flyball, 8LS)
Runner from 3rd tags up, SCORES, no throw
Batting: SHB Arnold Griffith 0-0: Called Strike
0-1: Ball
1-1: Ball
2-1: 2-RUN HOME RUN (Flyball, 7LD), Distance : 369 ft
Batting: RHB Andrew Weeks 0-0: Foul Ball, location: 2F
0-1: Fly out, F9 (Flyball, 89D)
Batting: LHB José Castillo 0-0: Ball
1-0: Ground out 3-1 (Groundball, 23)
Top of the 5th over - 3 runs, 3 hits, 0 errors, 0 left on base; Plymouth 11 - Salt Lake City 5
BOTTOM OF THE 5TH
Salt Lake City Buzz batting - Pitching for Plymouth Rocks : RHP Bob Payne
Batting: RHB Alejandro Herrera 0-0: Called Strike
0-1: Ball
1-1: Called Strike
1-2: Strikes out swinging
Batting: RHB Jung-hwan Kwon 0-0: Swinging Strike
0-1: Ground out 1-3 (Groundball, 13)
Batting: SHB Félix Medina 0-0: SINGLE (Line Drive, 56)
Batting: LHB Qi-zhen Loong 0-0: Ball
1-0: Called Strike
1-1: Ball
2-1: Ball
3-1: Base on Balls
Félix Medina to second
Batting: LHB Tim Waters 0-0: Ball
1-0: Foul Ball, location: 2F
1-1: Foul Ball, location: 2F
1-2: Fly out, F8 (Flyball, 89XD)
Bottom of the 5th over - 0 runs, 1 hit, 0 errors, 2 left on base; Plymouth 11 - Salt Lake City 5
TOP OF THE 6TH
Plymouth Rocks batting - Pitching for Salt Lake City Buzz : LHP Roberto De La Cruz
Pitching: RHP Rick Kennedy
Batting: RHB Hubert Dodson 0-0: Called Strike
0-1: Foul Ball, location: 2F
0-2: Foul Ball, location: 2F
0-2: Ball
1-2: Foul Ball, location: 2F
1-2: Ground out 5-3 (Groundball, 56)
Batting: SHB Roku Hara 0-0: Ball
1-0: Ball
2-0: Ball
3-0: Base on Balls
Batting: RHB Ernesto Trevino 0-0: Called Strike
0-1: Ball
1-1: Called Strike
1-2: Ball
2-2: Foul Ball, location: 2F
2-2: DOUBLE (Flyball, 89D)
Roku Hara to third
Batting: SHB Javier Vega 0-0: Ball
1-0: Ball
2-0: Ball
3-0: Called Strike
3-1: Ground out 5-3 (Groundball, 5)
Batting: RHB Arturo Maldonado 0-0: Fly out, F7 (Line Drive, 7S)
Top of the 6th over - 0 runs, 1 hit, 0 errors, 2 left on base; Plymouth 11 - Salt Lake City 5
BOTTOM OF THE 6TH
Salt Lake City Buzz batting - Pitching for Plymouth Rocks : RHP Bob Payne
Batting: LHB Roberto Soto 0-0: Ball
1-0: Called Strike
1-1: Foul Ball, location: 2F
1-2: Ball
2-2: Foul Ball, location: 2F
2-2: Ground out 5-3 (Groundball, 56)
Batting: RHB Vicente Cruz 0-0: Called Strike
0-1: Foul Ball, location: 2F
0-2: Ball
1-2: Strikes out looking
Batting: LHB Mike Gillespie 0-0: Ball
1-0: Ball
2-0: Foul Ball, location: 2F
2-1: Swinging Strike
2-2: Ball
3-2: Base on Balls
Pitching: LHP Ryan McCall
Batting: RHB Ethan Miller 0-0: SINGLE (Groundball, 6D)
Mike Gillespie to second
Runner from 2nd tries for 3rd, SAFE, throw made to third
Batting: RHB Alejandro Herrera 0-0: Called Strike
0-1: Fielders Choice at 2nd, 5-4 (Groundball, 56)
Bottom of the 6th over - 0 runs, 1 hit, 0 errors, 2 left on base; Plymouth 11 - Salt Lake City 5
TOP OF THE 7TH
Plymouth Rocks batting - Pitching for Salt Lake City Buzz : RHP Rick Kennedy
Batting: RHB Chris Teague 0-0: Called Strike
0-1: Foul Ball, location: 2F
0-2: Ball
1-2: Strikes out looking
Batting: SHB Arnold Griffith 0-0: Ball
1-0: Foul Ball, location: 2F
1-1: Foul Ball, location: 2F
1-2: Ball
2-2: Foul Ball, location: 2F
2-2: Foul Ball, location: 2F
2-2: Foul Ball, location: 2F
2-2: Ball
3-2: Base on Balls
Batting: RHB Andrew Weeks 0-0: Ball
1-0: Ball
2-0: Foul Ball, location: 2F
2-1: Ball
3-1: DOUBLE (Line Drive, 7LM)
Arnold Griffith to third
Batting: LHB José Castillo 0-0: Foul Ball, location: 2F
0-1: Ball
1-1: Ball
2-1: Ground out 6-3 (Groundball, 6)
Arnold Griffith scores
Batting: RHB Hubert Dodson 0-0: SINGLE (Line Drive, 56D)
Andrew Weeks to third
Runner from 3rd tries for Home, SAFE, no throw
Batting: SHB Roku Hara 0-0: Ball
Pickoff Throw by Catcher to First - Error! E2
Hubert Dodson to second
1-0: Called Strike
1-1: Ball
2-1: Ball
3-1: Foul Ball, location: 2F
3-2: Base on Balls
Batting: RHB Ernesto Trevino 0-0: Ball
1-0: Ball
2-0: Ball
3-0: Called Strike
3-1: Fly out, F8 (Flyball, 8LS)
Top of the 7th over - 2 runs, 2 hits, 1 error, 2 left on base; Plymouth 13 - Salt Lake City 5
BOTTOM OF THE 7TH
Salt Lake City Buzz batting - Pitching for Plymouth Rocks : LHP Ryan McCall
Batting: RHB Jung-hwan Kwon 0-0: Swinging Strike
0-1: Called Strike
0-2: Fly out, F7 (Flyball, 7)
Batting: SHB Félix Medina 0-0: Ball
1-0: SOLO HOME RUN (Flyball, 7D), Distance : 405 ft
Batting: LHB Qi-zhen Loong 0-0: Ball
1-0: Foul Ball, location: 2F
1-1: Ball
2-1: Foul Ball, location: 2F
2-2: Ball
3-2: SINGLE (Line Drive, 34)
Batting: LHB Tim Waters 0-0: Called Strike
0-1: Ball
1-1: Foul Ball, location: 2F
1-2: Foul Ball, location: 2F
1-2: Foul Ball, location: 2F
1-2: Ball
2-2: Strikes out swinging
Batting: LHB Roberto Soto 0-0: Called Strike
0-1: Ball
1-1: Ball
2-1: Called Strike
2-2: Strikes out looking
Bottom of the 7th over - 1 run, 2 hits, 0 errors, 1 left on base; Plymouth 13 - Salt Lake City 6
TOP OF THE 8TH
Plymouth Rocks batting - Pitching for Salt Lake City Buzz : RHP Rick Kennedy
Batting: SHB Javier Vega 0-0: Ball
1-0: Fly out, F9 (Flyball, 9D)
Batting: RHB Arturo Maldonado 0-0: Ball
1-0: Ball
2-0: Foul Ball, location: 2F
2-1: Foul Ball, location: 2F
2-2: SINGLE (Line Drive, 56D)
Batting: RHB Chris Teague 0-0: Called Strike
0-1: Fly out, F7 (Line Drive, 7S)
Batting: SHB Arnold Griffith 0-0: Ball
1-0: DOUBLE (Line Drive, 9LM)
Arturo Maldonado to third
Runner from 3rd tries for Home, SAFE, no throw
Batting: RHB Andrew Weeks 0-0: Ball
1-0: Swinging Strike
1-1: Swinging Strike
1-2: Ball
2-2: Strikes out swinging
Top of the 8th over - 1 run, 2 hits, 0 errors, 1 left on base; Plymouth 14 - Salt Lake City 6
BOTTOM OF THE 8TH
Salt Lake City Buzz batting - Pitching for Plymouth Rocks : LHP Ryan McCall
Now at C: John Townsend
Batting: RHB Vicente Cruz 0-0: Fly out, F7 (Line Drive, 7)
Batting: LHB Mike Gillespie 0-0: Ball
1-0: Ball
2-0: Fly out, F7 (Flyball, 7LS)
Batting: RHB Ethan Miller 0-0: SINGLE (Groundball, 6MD)
Batting: RHB Alejandro Herrera 0-0: Ball
1-0: Called Strike
1-1: Called Strike
1-2: Ball
2-2: Foul Ball, location: 2F
2-2: Foul Ball, location: 2F
2-2: Ball
3-2: Strikes out swinging
Bottom of the 8th over - 0 runs, 1 hit, 0 errors, 1 left on base; Plymouth 14 - Salt Lake City 6
TOP OF THE 9TH
Plymouth Rocks batting - Pitching for Salt Lake City Buzz : RHP Rick Kennedy
Batting: LHB José Castillo 0-0: Swinging Strike
0-1: Ball
1-1: Ground out 5-3 (Groundball, 5L)
Batting: RHB Hubert Dodson 0-0: SINGLE (Groundball, 3D)
Batting: SHB Roku Hara 0-0: Foul Ball, location: 2F
0-1: Ball
1-1: Ball
2-1: Ball
3-1: Base on Balls
Hubert Dodson to second
Batting: RHB Ernesto Trevino 0-0: Called Strike
0-1: Ball
1-1: Ball
2-1: Swinging Strike
2-2: Ball
3-2: Foul Ball, location: 2F
3-2: Foul Ball, location: 2F
3-2: Foul Ball, location: 2F
3-2: Strikes out looking
Batting: SHB Javier Vega 0-0: SINGLE (Groundball, 6D)
Hubert Dodson to third
Roku Hara to second
Runner from 3rd tries for Home, SAFE, no throw
Batting: RHB Arturo Maldonado 0-0: Ball
1-0: Swinging Strike
1-1: Ball
2-1: Foul Ball, location: 2F
2-2: Fly out, F2 (Popup, 2LF)
Top of the 9th over - 1 run, 2 hits, 0 errors, 2 left on base; Plymouth 15 - Salt Lake City 6
BOTTOM OF THE 9TH
Salt Lake City Buzz batting - Pitching for Plymouth Rocks : LHP Ryan McCall
Batting: RHB Jung-hwan Kwon 0-0: Called Strike
0-1: Ground out 5-3 (Groundball, 5)
Batting: SHB Félix Medina 0-0: Ball
1-0: Ball
2-0: Ball
3-0: Base on Balls
Batting: LHB Qi-zhen Loong 0-0: Ball
1-0: Ball
2-0: 2-RUN HOME RUN (Flyball, 9LD), Distance : 375 ft
Batting: LHB Tim Waters 0-0: Ball
1-0: Ball
2-0: Ball
3-0: Called Strike
3-1: Foul Ball, location: 2F
3-2: Base on Balls
Batting: LHB Roberto Soto 0-0: Called Strike
0-1: Fielders Choice at 2nd, 6-4 (Groundball, 6)
Batting: RHB Vicente Cruz 0-0: Swinging Strike
0-1: Called Strike
0-2: Ball
1-2: Strikes out swinging, 2-3 out at first.
Bottom of the 9th over - 2 runs, 1 hit, 0 errors, 1 left on base; Plymouth 15 - Salt Lake City 8
Tuesday, December 19th, 2017 - OOTP Baseball 18.8 Build 76